Map: Submarine LE

Players

HaviLing

  • Race: Terran Terran
  • League: Master
  • Spawn Location: 5:00

llllllllllll - Winner!

  • Race: Zerg Zerg
  • League: Master
  • Spawn Location: 11:00

VOD

Have the link to the VOD?

Description

Time

  • Played on: Jan. 5, 2021, 6:13 a.m.
  • Length: 3:31
Show
View Real Time Build Order
Export as new Build Order

HaviLing Terran 

Build Orders: Reaper Expand 

Get SALT Encoding   

  12  0:00  SCV  
  13  0:12  SCV  
  14  0:16  Supply Depot  
  14  0:24  SCV  
  15  0:38  SCV  
  15  0:41  Barracks  
  16  0:43  Refinery  
  16  0:50  SCV  
  17  1:02  SCV  
  18  1:14  SCV  
  19  1:31  Orbital Command  
  19  1:32  Reaper  
  20  1:43  Command Center  
  20  1:54  Supply Depot  
  20  1:58  SCV, Refinery  
  21  2:04  Marine  
  22  2:13  Factory  
  22  2:15  SCV  
  23  2:21  Marine  
  23  2:30  Bunker  
  23  2:34  SCV  
  24  2:39  Marine  
  25  2:49  SCV  
  26  2:57  Orbital Command  
  26  2:58  Marine  
  26  3:01  Factory Tech Lab  
  26  3:02  Bunker  
  24  3:08  Supply Depot  
  24  3:14  Supply Depot  
Show
View Real Time Build Order
Export as new Build Order

llllllllllll Zerg - Winner!

Build Orders: Pool Only 

Get SALT Encoding   

  12  0:18  Spawning Pool  
  12  0:21  Drone  
  12  0:26  Drone  
  13  0:30  Drone  
  13  0:35  Extractor  
  13  0:38  Drone  
  13  0:42  Extractor  
  13  0:45  Drone  
  14  1:07  Roach Warren  
  14  1:09  Overlord  
  13  1:47  Roach x3  
  19  2:08  Ravager x3  
  22  2:10  Overlord  
  22  2:30  Roach x2  
  26  2:38  Roach  
  28  2:48  Spore Crawler  
  28  3:09  Roach  
  28  3:10  Overlord  
Tags
 
Add a new tag
Caveats
  • Supply blocks, unpowered buildings, or Contaminate may cause inaccurate times.
  • Supply counts are checked every 10 seconds.